Stars vs Penguins

Created - Tuesday, October 14, 2014 at 23:16

Goals
1 2 3 T
Stars 0 1 0 1
Penguins 3 1 3 7
Shots
1 2 3 T
Stars 4 8 10 22
Penguins 8 10 9 27

1st period

1. Penguins , Jimmy Hayes 1 (Nail Yakupov, Christian Ehrhoff) at 1:36
2. Penguins , David Legwand 1 (Nathan MacKinnon) at 2:12
3. Penguins , Mark Giordano 1 (Paul Gaustad) at 15:05

Penalties :
Marcus Foligno (Pit) for Tripping (Minor) at 7:27

2nd period

4. Penguins , Patrick Sharp 1 (Anton Volchenkov) at 16:45
5. Stars , Michael Ryder 3 (Eric Brewer) at 19:26 (PP)

Penalties :
Daniel Cleary (Dal) for Delaying the game (Minor) at 10:13, Jarome Iginla (Pit) for Hooking (Minor) at 19:15

3rd period

6. Penguins , Nathan MacKinnon 1 (David Legwand) at 3:36
7. Penguins , David Legwand 2 (Jarome Iginla, Nathan MacKinnon) at 8:01 (PP)
8. Penguins , Jarome Iginla 2 (Mark Giordano, Christian Ehrhoff) at 9:46 (PP)

Penalties :
Miikka Salomaki (Dal) for Holding Stick (Minor) at 7:16, Eric Brewer (Dal) for Hooking (Minor) at 9:10, Patrick Sharp (Pit) for Holding (Minor) at 11:40

Goalie Stats

Joacim Eriksson (Dal), 12 saves from 16 shots - (0.750), L, 0-2-0, 36:45 minutes
Robin Lehner (Dal), 8 saves from 11 shots - (0.727), 23:15 minutes
Ryan Miller (Pit), 21 saves from 22 shots - (0.955), W, 2-0-1, 60:00 minutes

Players Stats for Stars

Player Name              G  A  P  +/- PIM S  H  SB GA TA FO     MP     PP MP  PK MP  
------------------------------------------------------------------------------------
Aaron Johnson            0  0  0   0  0   0  1  3  0  2  0/0    20:20   1:46   1:58 
Brandon Kozun            0  0  0  -1  0   1  0  0  0  1  0/2     9:57   0:00   0:00 
Brett Ritchie            0  0  0  -1  0   0  1  0  0  0  1/1    15:55   0:00   0:00 
Brian Boyle              0  0  0   0  0   1  2  0  0  1  3/12   18:39   1:50   2:48 
Bruno Gervais            0  0  0  -2  0   1  0  0  0  2  0/0    14:28   0:00   0:00 
Cory Conacher            0  0  0  -3  0   6  0  0  1  0  0/1    17:56   2:19   0:32 
Daniel Cleary            0  0  0   0  2   0  0  0  0  0  0/0    15:49   1:50   0:00 
Dmitry Orlov             0  0  0  -2  0   0  0  0  0  0  0/0    14:28   0:00   0:00 
Eric Brewer              0  1  1  -2  2   0  0  2  2  4  0/0    25:16   1:46   1:58 
Erik Haula               0  0  0  -1  0   0  0  1  2  1  3/7    15:23   0:00   0:00 
Ian Cole                 0  0  0  -1  0   1  0  3  0  2  0/0    20:15   2:23   1:22 
Jamie Oleksiak           0  0  0  -2  0   0  0  0  0  0  0/0     4:57   0:00   0:00 
Joe Corvo                0  0  0  -1  0   2  0  2  1  1  0/0    20:15   2:23   1:22 
Michael Ryder            1  0  1  -1  0   7  0  0  2  0  0/11   22:24   0:53   2:21 
Miikka Salomaki          0  0  0  -1  2   1  2  0  3  0  0/0    10:45   0:00   0:49 
Patrick Eaves            0  0  0  -3  0   1  1  0  3  0  0/1    15:56   2:19   0:00 
Rob Klinkhammer          0  0  0  -1  0   0  0  0  1  0  0/0    16:13   0:57   0:00 
Zach Sill                0  0  0  -3  0   1  2  1  1  1  3/10   17:41   2:19   0:10 

Players Stats for Penguins

Player Name              G  A  P  +/- PIM S  H  SB GA TA FO     MP     PP MP  PK MP  
------------------------------------------------------------------------------------
Anton Volchenkov         0  1  1   3  0   2  1  2  0  1  0/0    20:24   0:00   3:23 
Chris Butler             0  0  0   0  0   1  2  0  0  3  0/0    16:03   0:00   0:46 
Chris Kelly              0  0  0   0  0   3  0  0  0  1  2/2    13:15   0:00   3:08 
Christian Ehrhoff        0  2  2   3  0   0  1  1  0  2  0/0    20:02   2:29   0:00 
Cody Ceci                0  0  0   0  0   0  2  2  0  0  0/0    16:04   0:51   0:00 
Dan Hamhuis              0  0  0   2  0   1  0  0  1  2  0/0    23:55   0:51   3:23 
David Legwand            2  1  3   2  0   4  3  0  2  0  8/9    16:46   1:48   0:00 
Jarome Iginla            1  1  2   1  2   5  6  0  3  0  2/2    19:22   1:48   1:23 
Jimmy Hayes              1  0  1   2  0   2  2  0  0  1  0/0    11:23   0:00   0:00 
Marcus Foligno           0  0  0   0  2   0  2  0  2  0  0/0    10:20   0:00   0:14 
Mark Giordano            1  1  2   2  0   3  0  1  1  1  0/0    23:32   2:29   0:46 
Mikael Granlund          0  0  0   1  0   0  1  0  2  0  11/16  17:13   1:32   0:00 
Nail Yakupov             0  1  1   2  0   1  1  0  1  0  0/0    11:23   0:00   0:00 
Nate Thompson            0  0  0   0  0   0  4  0  2  0  3/3    10:44   0:00   0:41 
Nathan MacKinnon         1  2  3   2  0   1  1  0  3  0  0/0    16:46   1:48   0:00 
Patrick Sharp            1  0  1   1  2   3  5  0  5  0  0/0    17:34   1:32   0:00 
Paul Gaustad             0  1  1   2  0   1  2  0  0  0  7/11   14:41   0:00   2:52 
Vladimir Tarasenko       0  0  0   2  0   0  1  1  0  0  2/2    16:21   1:32   0:00 

3 Stars

1 - David Legwand (Pit)
2 - Nathan MacKinnon (Pit)
3 - Jarome Iginla (Pit)

Power Play

Stars - 1 on 3 Attempt(s) - 33.33%
Penguins - 2 on 3 Attempt(s) - 66.67%

Penalty Kill

Stars - 1 on 3 Attempt(s) - 33.33% - Score 0 goal in Penalty Kill
Penguins - 2 on 3 Attempt(s) - 66.67% - Score 0 goal in Penalty Kill

Official

Referees : Unknown
Linesman : Unknown

Game Notes

Robin Lehner enters game at 16:45 of 2nd period
9:46 of 3rd period - Penguins goal is going for a video replay. After video review, Goal.

Finance

Level 1 -- Attendance: 5048 (84.13%) -- Ticket Income $464,416
Level 2 -- Attendance: 4121 (82.42%) -- Ticket Income $239,018
Level 3 -- Attendance: 1629 (81.45%) -- Ticket Income $57,015
Level 4 -- Attendance: 3978 (99.45%) -- Ticket Income $79,560
Luxury Box -- Attendance: 680 (68.00%) -- Ticket Income $132,600
Game was played at the Consol Energy Center
Total Attendance: 15456 (85.87%)
Total Ticket Income: $972,609
Other Income: $476,578
Total Income: $1,449,187

Stars

5 vs 5 Forward 
   Center                   Left Wing                Right Wing               Time % Phy DF OF 
 1 Brian Boyle              Michael Ryder            Daniel Cleary            35     1   2  2  
 2 Zach Sill                Patrick Eaves            Cory Conacher            30     1   2  2  
 3 Erik Haula               Rob Klinkhammer          Brett Ritchie            22     1   2  2  
 4 Michael Ryder            Miikka Salomaki          Brandon Kozun            13     1   2  2  

5 vs 5 Defense 
   Defense                  Defense                                           Time % Phy DF OF 
 1 Eric Brewer              Aaron Johnson                                     35     1   2  2  
 2 Joe Corvo                Ian Cole                                          30     1   2  2  
 3 Dmitry Orlov             Bruno Gervais                                     22     1   2  2  
 4 Jamie Oleksiak           Eric Brewer                                       13     1   2  2  

PowerPlay Forward 
   Center                   Left Wing                Right Wing               Time % Phy DF OF 
 1 Brian Boyle              Michael Ryder            Daniel Cleary            60     1   2  2  
 2 Zach Sill                Patrick Eaves            Cory Conacher            40     1   2  2  

PowerPlay Defense
   Defense                  Defense                                           Time % Phy DF OF 
 1 Eric Brewer              Aaron Johnson                                     60     1   2  2  
 2 Joe Corvo                Ian Cole                                          40     1   2  2  

Penalty Kill 4 Players Forward 
   Center                   Wing                     Time % Phy DF OF 
 1 Michael Ryder            Brian Boyle              60     1   2  2  
 2 Daniel Cleary            Patrick Eaves            40     1   2  2  

Penalty Kill 4 Players Defense
   Defense                  Defense                  Time % Phy DF OF 
 1 Eric Brewer              Aaron Johnson            60     1   2  2  
 2 Joe Corvo                Ian Cole                 40     1   2  2  

Penalty Kill - 3 Players Forward 
   Forward                                           Time % Phy DF OF 
 1 Michael Ryder                                     60     1   2  2  
 2 Brian Boyle                                       40     1   2  2  

Penalty Kill - 3 Players Defense
   Defense                  Defense                  Time % Phy DF OF 
 1 Eric Brewer              Aaron Johnson            60     1   2  2  
 2 Joe Corvo                Ian Cole                 40     1   2  2  

4 vs 4 Forward 
   Center                   Wing                     Time % Phy DF OF 
 1 Michael Ryder            Brian Boyle              60     1   2  2  
 2 Daniel Cleary            Patrick Eaves            40     1   2  2  

4 vs 4 Defense
   Defense                  Defense                  Time % Phy DF OF 
 1 Eric Brewer              Aaron Johnson            60     1   2  2  
 2 Joe Corvo                Ian Cole                 40     1   2  2  

Last Minutes Offensive
   Center                   Left Wing                Right Wing               Defense                  Defense                  
   Brian Boyle              Michael Ryder            Daniel Cleary            Eric Brewer              Aaron Johnson            

Last Minutes Defensive
   Center                   Left Wing                Right Wing               Defense                  Defense                  
   Brian Boyle              Michael Ryder            Daniel Cleary            Eric Brewer              Aaron Johnson            

Goaltenders
Starting : Joacim Eriksson          
Backup : Robin Lehner             

Extra Forwards
Normal : Rob Klinkhammer, Brett Ritchie, Miikka Salomaki - PP : Rob Klinkhammer, Brett Ritchie - PK : Miikka Salomaki
Extra Defensemen
Normal : Dmitry Orlov, Bruno Gervais, Jamie Oleksiak - PP : Dmitry Orlov - PK : Bruno Gervais, Jamie Oleksiak
Penalty Shots
Michael Ryder, Brian Boyle, Daniel Cleary, Patrick Eaves, Cory Conacher

Penguins

5 vs 5 Forward 
   Center                   Left Wing                Right Wing               Time % Phy DF OF 
 1 Mikael Granlund          Patrick Sharp            Jarome Iginla            35     1   2  2  
 2 David Legwand            Vladimir Tarasenko       Nathan MacKinnon         30     1   2  2  
 3 Paul Gaustad             Nail Yakupov             Jimmy Hayes              22     1   2  2  
 4 Nate Thompson            Chris Kelly              Marcus Foligno           13     1   2  2  

5 vs 5 Defense 
   Defense                  Defense                                           Time % Phy DF OF 
 1 Mark Giordano            Dan Hamhuis                                       40     1   2  2  
 2 Anton Volchenkov         Christian Ehrhoff                                 35     1   2  2  
 3 Chris Butler             Cody Ceci                                         20     1   2  2  
 4 Chris Butler             Cody Ceci                                         5      1   2  2  

PowerPlay Forward 
   Center                   Left Wing                Right Wing               Time % Phy DF OF 
 1 Mikael Granlund          Patrick Sharp            Vladimir Tarasenko       60     1   1  3  
 2 David Legwand            Jarome Iginla            Nathan MacKinnon         40     1   1  3  

PowerPlay Defense
   Defense                  Defense                                           Time % Phy DF OF 
 1 Mark Giordano            Christian Ehrhoff                                 60     1   1  3  
 2 Dan Hamhuis              Cody Ceci                                         40     1   1  3  

Penalty Kill 4 Players Forward 
   Center                   Wing                     Time % Phy DF OF 
 1 Paul Gaustad             Chris Kelly              60     1   3  1  
 2 Nate Thompson            Marcus Foligno           40     1   3  1  

Penalty Kill 4 Players Defense
   Defense                  Defense                  Time % Phy DF OF 
 1 Anton Volchenkov         Dan Hamhuis              60     1   3  1  
 2 Chris Butler             Mark Giordano            40     1   3  1  

Penalty Kill - 3 Players Forward 
   Forward                                           Time % Phy DF OF 
 1 Paul Gaustad                                      60     1   3  1  
 2 Nate Thompson                                     40     1   3  1  

Penalty Kill - 3 Players Defense
   Defense                  Defense                  Time % Phy DF OF 
 1 Anton Volchenkov         Dan Hamhuis              60     1   3  1  
 2 Chris Butler             Mark Giordano            40     1   3  1  

4 vs 4 Forward 
   Center                   Wing                     Time % Phy DF OF 
 1 Mikael Granlund          Patrick Sharp            60     1   2  2  
 2 David Legwand            Nathan MacKinnon         40     1   2  2  

4 vs 4 Defense
   Defense                  Defense                  Time % Phy DF OF 
 1 Mark Giordano            Dan Hamhuis              60     1   2  2  
 2 Christian Ehrhoff        Anton Volchenkov         40     1   2  2  

Last Minutes Offensive
   Center                   Left Wing                Right Wing               Defense                  Defense                  
   Mikael Granlund          Patrick Sharp            Jarome Iginla            Mark Giordano            Dan Hamhuis              

Last Minutes Defensive
   Center                   Left Wing                Right Wing               Defense                  Defense                  
   Mikael Granlund          Patrick Sharp            Jarome Iginla            Mark Giordano            Dan Hamhuis              

Goaltenders
Starting : Ryan Miller              
Backup : Alex Stalock             

Extra Forwards
Normal : Nathan MacKinnon, Nail Yakupov, Marcus Foligno - PP : Nathan MacKinnon, Nail Yakupov - PK : Jarome Iginla
Extra Defensemen
Normal : Cody Ceci, Mark Giordano, Christian Ehrhoff - PP : Cody Ceci - PK : Cody Ceci, Christian Ehrhoff
Penalty Shots
Patrick Sharp, Jimmy Hayes, Nathan MacKinnon, Vladimir Tarasenko, David Legwand

% Time on Ice - Stars

Lines # - Real PCT - Wanted PCT - Time Play
Normal Forward
1 - 27% - 35% - 14:00
2 - 26% - 30% - 13:37
3 - 29% - 22% - 15:23
4 - 18% - 13% - 9:31
Normal Defense
1 - 32% - 35% - 16:36
2 - 31% - 30% - 16:30
3 - 28% - 22% - 14:28
4 - 9% - 13% - 4:57
PP Forward
1 - 44% - 60% - 1:50
2 - 56% - 40% - 2:19
PP Defense
1 - 43% - 60% - 1:46
2 - 57% - 40% - 2:23
PK Forward
1 - 100% - 60% - 3:20
2 - 0% - 40% - 0:00
PK Defense
1 - 59% - 60% - 1:58
2 - 41% - 40% - 1:22
PK3 Forward
1 - 0% - 60%
2 - 0% - 40%
PK3 Defense
1 - 0% - 60%
2 - 0% - 40%
44 Forward
1 - 0% - 60%
2 - 0% - 40%
44 Defense
1 - 0% - 60%
2 - 0% - 40%
Last Minute Offensive  - 0:00
Last Minute Defensive  - 0:00
Total
Forward - 60:00
Defense - 60:00

% Time on Ice - Penguins

Lines # - Real PCT - Wanted PCT - Time Play
Normal Forward
1 - 31% - 35% - 16:07
2 - 28% - 30% - 14:58
3 - 22% - 22% - 11:23
4 - 19% - 13% - 10:03
Normal Defense
1 - 38% - 40% - 19:44
2 - 33% - 35% - 17:34
3 - 22% - 20% - 11:45
4 - 7% - 5% - 3:28
PP Forward
1 - 46% - 60% - 1:32
2 - 54% - 40% - 1:48
PP Defense
1 - 75% - 60% - 2:29
2 - 26% - 40% - 0:51
PK Forward
1 - 84% - 60% - 3:28
2 - 16% - 40% - 0:41
PK Defense
1 - 82% - 60% - 3:23
2 - 18% - 40% - 0:46
PK3 Forward
1 - 0% - 60%
2 - 0% - 40%
PK3 Defense
1 - 0% - 60%
2 - 0% - 40%
44 Forward
1 - 0% - 60%
2 - 0% - 40%
44 Defense
1 - 0% - 60%
2 - 0% - 40%
Last Minute Offensive  - 0:00
Last Minute Defensive  - 0:00
Total
Forward - 60:00
Defense - 60:00

Play by Play

1st period


0:01 of 1st period - Brian Boyle wins face-off versus Mikael Granlund in neutral zone.
0:26 of 1st period - Snap shot by Patrick Sharp.
0:26 of 1st period - Stopped by Joacim Eriksson with a rebound.
0:28 of 1st period - Wrist shot by Jarome Iginla.
0:28 of 1st period - Stopped by Joacim Eriksson with a rebound.
0:30 of 1st period - Slapshot by Mark Giordano.
0:30 of 1st period - Shot Blocked by Eric Brewer.
0:32 of 1st period - Snap shot by Jarome Iginla.
0:32 of 1st period - Shot Misses the Net.
0:40 of 1st period - Eric Brewer is hit by Mikael Granlund and loses puck.
1:11 of 1st period - Snap shot by Cory Conacher.
1:11 of 1st period - Stopped by Ryan Miller with a rebound.
1:13 of 1st period - Snap shot by Zach Sill.
1:13 of 1st period - Stopped by Ryan Miller without a rebound.
1:14 of 1st period - Paul Gaustad wins face-off versus Zach Sill in Penguins zone.
1:36 of 1st period - Slapshot by Nail Yakupov.
1:36 of 1st period - Deflect By Jimmy Hayes.
1:36 of 1st period - Goal by Jimmy Hayes - Stars : 0 - Penguins : 1.
1:37 of 1st period - Chris Kelly wins face-off versus Erik Haula in neutral zone.
1:48 of 1st period - Wrist shot by Erik Haula.
1:48 of 1st period - Shot Blocked by Cody Ceci.
2:04 of 1st period - Off-side.
2:05 of 1st period - David Legwand wins face-off versus Brandon Kozun in neutral zone.
2:12 of 1st period - Snap shot by David Legwand.
2:12 of 1st period - Goal by David Legwand - Stars : 0 - Penguins : 2.
2:13 of 1st period - Paul Gaustad wins face-off versus Michael Ryder in neutral zone.
2:34 of 1st period - Slapshot by Miikka Salomaki.
2:34 of 1st period - Stopped by Ryan Miller with a rebound.
2:40 of 1st period - Eric Brewer is hit by Jimmy Hayes and loses puck.
3:28 of 1st period - Slapshot by Patrick Sharp.
3:28 of 1st period - Shot Misses the Net.
3:30 of 1st period - Slapshot by Chris Butler.
3:30 of 1st period - Deflect By Patrick Eaves.
3:30 of 1st period - Stopped by Joacim Eriksson with a rebound.
3:58 of 1st period - Ian Cole is hit by Nathan MacKinnon and loses puck.
4:05 of 1st period - Erik Haula is hit by David Legwand and loses puck.
4:23 of 1st period - Snap shot by Marcus Foligno.
4:23 of 1st period - Shot Misses the Net.
4:25 of 1st period - Slapshot by Dan Hamhuis.
4:25 of 1st period - Shot Misses the Net.
4:27 of 1st period - Snap shot by Chris Kelly.
4:27 of 1st period - Shot Misses the Net.
4:29 of 1st period - Snap shot by Dan Hamhuis.
4:29 of 1st period - Shot Blocked by Erik Haula.
4:31 of 1st period - Slapshot by Dan Hamhuis.
4:31 of 1st period - Stopped by Joacim Eriksson with a rebound.
5:03 of 1st period - Wrist shot by Daniel Cleary.
5:03 of 1st period - Shot Misses the Net.
6:18 of 1st period - Patrick Sharp is hit by Brett Ritchie and loses puck.
7:27 of 1st period - Minor Penalty to Marcus Foligno for Tripping.
7:28 of 1st period - Paul Gaustad wins face-off versus Zach Sill in Penguins zone.
8:39 of 1st period - Daniel Cleary is hit by Nate Thompson and loses puck.
8:54 of 1st period - Backhand shot by Mark Giordano.
8:54 of 1st period - Shot Misses the Net.
9:27 of 1st period - Penalty to Marcus Foligno is over, Marcus Foligno is back on ice.
10:09 of 1st period - Bruno Gervais is hit by Anton Volchenkov and loses puck.
10:28 of 1st period - Dmitry Orlov is hit by Patrick Sharp and loses puck.
10:43 of 1st period - Eric Brewer is hit by Jarome Iginla and loses puck.
11:08 of 1st period - Rob Klinkhammer is hit by Christian Ehrhoff and loses puck.
11:40 of 1st period - Slapshot by Dmitry Orlov.
11:40 of 1st period - Shot Misses the Net.
12:10 of 1st period - Chris Butler is hit by Patrick Eaves and loses puck.
12:50 of 1st period - Slapshot by Brian Boyle.
12:50 of 1st period - Stopped by Ryan Miller with a rebound.
13:07 of 1st period - Eric Brewer is hit by Jarome Iginla.
14:44 of 1st period - Wrist shot by Daniel Cleary.
14:44 of 1st period - Shot Misses the Net.
15:00 of 1st period - Brett Ritchie is hit by Paul Gaustad and loses puck.
15:05 of 1st period - Slapshot by Mark Giordano.
15:05 of 1st period - Goal by Mark Giordano - Stars : 0 - Penguins : 3.
15:06 of 1st period - David Legwand wins face-off versus Brian Boyle in neutral zone.
16:32 of 1st period - Dan Hamhuis is hit by Zach Sill and loses puck.
16:43 of 1st period - Miikka Salomaki is hit by Paul Gaustad and loses puck.
17:55 of 1st period - Snap shot by David Legwand.
17:55 of 1st period - Stopped by Joacim Eriksson without a rebound.
17:56 of 1st period - Vladimir Tarasenko wins face-off versus Brandon Kozun in Stars zone.
18:58 of 1st period - Eric Brewer is hit by Patrick Sharp and loses puck.
19:45 of 1st period - Mark Giordano is hit by Brian Boyle and loses puck.
19:55 of 1st period - Icing by Nail Yakupov.
19:56 of 1st period - Paul Gaustad wins face-off versus Michael Ryder in Penguins zone.
Goals for this period are 0 for Stars vs 3 for Penguins.
Shots for this period are 4 for Stars vs 8 for Penguins.

2nd period


0:01 of 2nd period - Brian Boyle wins face-off versus Mikael Granlund in neutral zone.
0:04 of 2nd period - Wrist shot by Michael Ryder.
0:04 of 2nd period - Deflect By Mark Giordano.
0:04 of 2nd period - Shot Misses the Net.
0:04 of 2nd period - Puck is out of play.
0:05 of 2nd period - Mikael Granlund wins face-off versus Brian Boyle in Penguins zone.
0:16 of 2nd period - Snap shot by Jarome Iginla.
0:16 of 2nd period - Stopped by Joacim Eriksson without a rebound.
0:17 of 2nd period - Mikael Granlund wins face-off versus Brian Boyle in Stars zone.
0:28 of 2nd period - Brian Boyle is hit by Jarome Iginla and loses puck.
0:45 of 2nd period - Wrist shot by Mikael Granlund.
0:45 of 2nd period - Shot Misses the Net.
1:13 of 2nd period - Wrist shot by Cory Conacher.
1:13 of 2nd period - Stopped by Ryan Miller with a rebound.
1:19 of 2nd period - Ian Cole is hit by Vladimir Tarasenko and loses puck.
1:35 of 2nd period - Icing by Anton Volchenkov.
1:36 of 2nd period - Erik Haula wins face-off versus David Legwand in Penguins zone.
1:39 of 2nd period - Snap shot by Rob Klinkhammer.
1:39 of 2nd period - Shot Blocked by Vladimir Tarasenko.
1:41 of 2nd period - Slapshot by Dmitry Orlov.
1:41 of 2nd period - Deflect By Rob Klinkhammer.
1:41 of 2nd period - Shot Misses the Net.
1:41 of 2nd period - Puck is out of play.
1:42 of 2nd period - Paul Gaustad wins face-off versus Erik Haula in Penguins zone.
2:10 of 2nd period - Wrist shot by Rob Klinkhammer.
2:10 of 2nd period - Shot Misses the Net.
2:12 of 2nd period - Slapshot by Bruno Gervais.
2:12 of 2nd period - Stopped by Ryan Miller with a rebound.
2:14 of 2nd period - Wrist shot by Bruno Gervais.
2:14 of 2nd period - Deflect By Rob Klinkhammer.
2:14 of 2nd period - Shot Blocked by Christian Ehrhoff.
2:14 of 2nd period - Puck is out of play.
2:15 of 2nd period - Mikael Granlund wins face-off versus Brian Boyle in Penguins zone.
2:42 of 2nd period - Slapshot by Michael Ryder.
2:42 of 2nd period - Stopped by Ryan Miller without a rebound.
2:43 of 2nd period - David Legwand wins face-off versus Zach Sill in Penguins zone.
2:52 of 2nd period - Wrist shot by Nathan MacKinnon.
2:52 of 2nd period - Shot Misses the Net.
2:54 of 2nd period - Slapshot by Anton Volchenkov.
2:54 of 2nd period - Deflect By David Legwand.
2:54 of 2nd period - Shot Blocked by Zach Sill.
2:54 of 2nd period - Puck is out of play.
2:55 of 2nd period - Vladimir Tarasenko wins face-off versus Zach Sill in Stars zone.
3:05 of 2nd period - Cory Conacher is hit by David Legwand and loses puck.
3:10 of 2nd period - Snap shot by David Legwand.
3:10 of 2nd period - Stopped by Joacim Eriksson with a rebound.
3:12 of 2nd period - Wrist shot by Christian Ehrhoff.
3:12 of 2nd period - Shot Misses the Net.
3:53 of 2nd period - Wrist shot by Patrick Sharp.
3:53 of 2nd period - Shot Misses the Net.
4:14 of 2nd period - Eric Brewer is hit by Patrick Sharp and loses puck.
4:27 of 2nd period - Slapshot by Mark Giordano.
4:27 of 2nd period - Stopped by Joacim Eriksson without a rebound.
4:28 of 2nd period - Erik Haula wins face-off versus Paul Gaustad in Stars zone.
4:28 of 2nd period - Erik Haula is hit by Jimmy Hayes.
5:28 of 2nd period - Marcus Foligno is hit by Aaron Johnson and loses puck.
6:09 of 2nd period - Snap shot by Eric Brewer.
6:09 of 2nd period - Shot Misses the Net.
6:11 of 2nd period - Wrist shot by Brandon Kozun.
6:11 of 2nd period - Stopped by Ryan Miller without a rebound.
6:12 of 2nd period - David Legwand wins face-off versus Zach Sill in Penguins zone.
7:05 of 2nd period - Slapshot by Patrick Sharp.
7:05 of 2nd period - Shot Blocked by Joe Corvo.
7:52 of 2nd period - Paul Gaustad is hit by Brian Boyle and loses puck.
8:40 of 2nd period - Off-side.
8:41 of 2nd period - Mikael Granlund wins face-off versus Zach Sill in neutral zone.
8:58 of 2nd period - Cory Conacher is hit by Jarome Iginla and loses puck.
9:59 of 2nd period - Erik Haula is hit by Nate Thompson and loses puck.
10:06 of 2nd period - Snap shot by Chris Kelly.
10:06 of 2nd period - Stopped by Joacim Eriksson with a rebound.
10:10 of 2nd period - Slapshot by Christian Ehrhoff.
10:10 of 2nd period - Deflect By Marcus Foligno.
10:10 of 2nd period - Shot Misses the Net.
10:10 of 2nd period - Puck is out of play.
10:11 of 2nd period - Brian Boyle wins face-off versus Paul Gaustad in Stars zone.
10:13 of 2nd period - Minor Penalty to Daniel Cleary for Delaying the game.
10:14 of 2nd period - Mikael Granlund wins face-off versus Michael Ryder in Stars zone.
10:46 of 2nd period - Slapshot by Patrick Sharp.
10:46 of 2nd period - Shot Misses the Net.
11:14 of 2nd period - Snap shot by Jarome Iginla.
11:14 of 2nd period - Stopped by Joacim Eriksson with a rebound.
12:13 of 2nd period - Penalty to Daniel Cleary is over, Daniel Cleary is back on ice.
12:36 of 2nd period - Wrist shot by Nail Yakupov.
12:36 of 2nd period - Shot Blocked by Ian Cole.
12:38 of 2nd period - Wrist shot by Paul Gaustad.
12:38 of 2nd period - Shot Misses the Net.
12:40 of 2nd period - Wrist shot by Paul Gaustad.
12:40 of 2nd period - Stopped by Joacim Eriksson with a rebound.
13:02 of 2nd period - Zach Sill is hit by Nail Yakupov and loses puck.
13:13 of 2nd period - Ian Cole is hit by Nate Thompson and loses puck.
13:54 of 2nd period - Off-side.
13:55 of 2nd period - Jarome Iginla wins face-off versus Michael Ryder in neutral zone.
14:27 of 2nd period - Aaron Johnson is hit by Cody Ceci.
15:18 of 2nd period - Wrist shot by Nail Yakupov.
15:18 of 2nd period - Deflect By Jimmy Hayes.
15:18 of 2nd period - Stopped by Joacim Eriksson with a rebound.
15:44 of 2nd period - Chris Kelly is hit by Zach Sill and loses puck.
16:31 of 2nd period - Snap shot by Cory Conacher.
16:31 of 2nd period - Stopped by Ryan Miller without a rebound.
16:32 of 2nd period - Zach Sill wins face-off versus Mikael Granlund in Penguins zone.
16:35 of 2nd period - Wrist shot by Cory Conacher.
16:35 of 2nd period - Shot Blocked by Anton Volchenkov.
16:45 of 2nd period - Slapshot by Patrick Sharp.
16:45 of 2nd period - Goal by Patrick Sharp - Stars : 0 - Penguins : 4.
16:45 of 2nd period - Robin Lehner enters game.
16:46 of 2nd period - Mikael Granlund wins face-off versus Brian Boyle in neutral zone.
17:06 of 2nd period - Wrist shot by Michael Ryder.
17:06 of 2nd period - Shot Misses the Net.
17:12 of 2nd period - Ian Cole is hit by Jarome Iginla and loses puck.
18:21 of 2nd period - Wrist shot by Nail Yakupov.
18:21 of 2nd period - Stopped by Robin Lehner with a rebound.
18:23 of 2nd period - Wrist shot by Chris Butler.
18:23 of 2nd period - Shot Blocked by Aaron Johnson.
18:31 of 2nd period - Snap shot by Nail Yakupov.
18:31 of 2nd period - Shot Misses the Net.
18:33 of 2nd period - Wrist shot by Paul Gaustad.
18:33 of 2nd period - Shot Misses the Net.
18:35 of 2nd period - Slapshot by Chris Butler.
18:35 of 2nd period - Shot Blocked by Aaron Johnson.
18:45 of 2nd period - Wrist shot by Nail Yakupov.
18:45 of 2nd period - Deflect By Paul Gaustad.
18:45 of 2nd period - Shot Misses the Net.
18:45 of 2nd period - Puck is out of play.
18:46 of 2nd period - Nate Thompson wins face-off versus Michael Ryder in Stars zone.
19:06 of 2nd period - Slapshot by Michael Ryder.
19:06 of 2nd period - Stopped by Ryan Miller with a rebound.
19:10 of 2nd period - Slapshot by Michael Ryder.
19:10 of 2nd period - Stopped by Ryan Miller without a rebound.
19:11 of 2nd period - Brett Ritchie wins face-off versus Mikael Granlund in Penguins zone.
19:15 of 2nd period - Minor Penalty to Jarome Iginla for Hooking.
19:16 of 2nd period - Paul Gaustad wins face-off versus Brian Boyle in Penguins zone.
19:26 of 2nd period - Slapshot by Michael Ryder.
19:26 of 2nd period - Goal by Michael Ryder - Stars : 1 - Penguins : 4.
19:27 of 2nd period - Mikael Granlund wins face-off versus Erik Haula in neutral zone.
19:32 of 2nd period - Aaron Johnson is hit by Patrick Sharp and loses puck.
19:41 of 2nd period - Wrist shot by Patrick Sharp.
19:41 of 2nd period - Stopped by Robin Lehner with a rebound.
Goals for this period are 1 for Stars vs 1 for Penguins.
Shots for this period are 8 for Stars vs 10 for Penguins.

3rd period


0:01 of 3rd period - Mikael Granlund wins face-off versus Brian Boyle in neutral zone.
0:15 of 3rd period - Icing by Mark Giordano.
0:16 of 3rd period - Mikael Granlund wins face-off versus Brian Boyle in Penguins zone.
1:25 of 3rd period - Joe Corvo is hit by David Legwand and loses puck.
1:56 of 3rd period - Wrist shot by Nail Yakupov.
1:56 of 3rd period - Shot Hit the Post.
2:02 of 3rd period - Slapshot by Erik Haula.
2:02 of 3rd period - Shot Blocked by Anton Volchenkov.
2:04 of 3rd period - Wrist shot by Dmitry Orlov.
2:04 of 3rd period - Deflect By Rob Klinkhammer.
2:04 of 3rd period - Shot Misses the Net.
2:04 of 3rd period - Puck is out of play.
2:05 of 3rd period - Nate Thompson wins face-off versus Michael Ryder in Penguins zone.
2:05 of 3rd period - Nate Thompson is hit by Miikka Salomaki.
2:10 of 3rd period - Off-side.
2:11 of 3rd period - Nate Thompson wins face-off versus Michael Ryder in neutral zone.
2:22 of 3rd period - Slapshot by Michael Ryder.
2:22 of 3rd period - Shot Blocked by Cody Ceci.
3:00 of 3rd period - Slapshot by Joe Corvo.
3:00 of 3rd period - Stopped by Ryan Miller without a rebound.
3:01 of 3rd period - Mikael Granlund wins face-off versus Erik Haula in Penguins zone.
3:30 of 3rd period - Snap shot by Mikael Granlund.
3:30 of 3rd period - Shot Misses the Net.
3:32 of 3rd period - Slapshot by Anton Volchenkov.
3:32 of 3rd period - Stopped by Robin Lehner with a rebound.
3:34 of 3rd period - Snap shot by Anton Volchenkov.
3:34 of 3rd period - Stopped by Robin Lehner without a rebound.
3:35 of 3rd period - David Legwand wins face-off versus Patrick Eaves in Stars zone.
3:36 of 3rd period - Slapshot by Nathan MacKinnon.
3:36 of 3rd period - Goal by Nathan MacKinnon - Stars : 1 - Penguins : 5.
3:37 of 3rd period - David Legwand wins face-off versus Brian Boyle in neutral zone.
5:13 of 3rd period - Snap shot by Jimmy Hayes.
5:13 of 3rd period - Shot Misses the Net.
6:03 of 3rd period - Brett Ritchie is hit by Nate Thompson and loses puck.
6:20 of 3rd period - Snap shot by Chris Kelly.
6:20 of 3rd period - Stopped by Robin Lehner with a rebound.
6:22 of 3rd period - Slapshot by Cody Ceci.
6:22 of 3rd period - Shot Misses the Net.
6:24 of 3rd period - Slapshot by Chris Butler.
6:24 of 3rd period - Shot Misses the Net.
6:26 of 3rd period - Snap shot by Chris Kelly.
6:26 of 3rd period - Shot Blocked by Joe Corvo.
6:28 of 3rd period - Snap shot by Chris Kelly.
6:28 of 3rd period - Stopped by Robin Lehner with a rebound.
7:04 of 3rd period - Eric Brewer is hit by Chris Butler and loses puck.
7:16 of 3rd period - Minor Penalty to Miikka Salomaki for Holding Stick.
7:17 of 3rd period - Mikael Granlund wins face-off versus Michael Ryder in Stars zone.
7:59 of 3rd period - Slapshot by Jarome Iginla.
7:59 of 3rd period - Stopped by Robin Lehner with a rebound.
8:01 of 3rd period - Snap shot by David Legwand.
8:01 of 3rd period - Goal by David Legwand - Stars : 1 - Penguins : 6.
8:02 of 3rd period - Zach Sill wins face-off versus Paul Gaustad in neutral zone.
8:23 of 3rd period - Snap shot by Cory Conacher.
8:23 of 3rd period - Stopped by Ryan Miller with a rebound.
8:25 of 3rd period - Slapshot by Ian Cole.
8:25 of 3rd period - Stopped by Ryan Miller without a rebound.
8:26 of 3rd period - Erik Haula wins face-off versus Mikael Granlund in Penguins zone.
9:10 of 3rd period - Minor Penalty to Eric Brewer for Hooking.
9:11 of 3rd period - David Legwand wins face-off versus Michael Ryder in Stars zone.
9:22 of 3rd period - Slapshot by Christian Ehrhoff.
9:22 of 3rd period - Shot Blocked by Ian Cole.
9:24 of 3rd period - Slapshot by Mark Giordano.
9:24 of 3rd period - Stopped by Robin Lehner without a rebound.
9:25 of 3rd period - Jarome Iginla wins face-off versus Michael Ryder in Stars zone.
9:40 of 3rd period - Snap shot by David Legwand.
9:40 of 3rd period - Shot Misses the Net.
9:42 of 3rd period - Slapshot by Mark Giordano.
9:42 of 3rd period - Shot Blocked by Ian Cole.
9:44 of 3rd period - Slapshot by Christian Ehrhoff.
9:44 of 3rd period - Shot Misses the Net.
9:46 of 3rd period - Slapshot by Mark Giordano.
9:46 of 3rd period - Deflect By Jarome Iginla.
9:46 of 3rd period - Penguins goal is going for a video replay.
9:46 of 3rd period - The goal is good.
9:46 of 3rd period - Goal by Jarome Iginla - Stars : 1 - Penguins : 7.
9:47 of 3rd period - Zach Sill wins face-off versus Paul Gaustad in neutral zone.
10:18 of 3rd period - Wrist shot by Cory Conacher.
10:18 of 3rd period - Stopped by Ryan Miller with a rebound.
10:20 of 3rd period - Snap shot by Cory Conacher.
10:20 of 3rd period - Stopped by Ryan Miller with a rebound.
10:22 of 3rd period - Wrist shot by Patrick Eaves.
10:22 of 3rd period - Stopped by Ryan Miller with a rebound.
10:24 of 3rd period - Snap shot by Zach Sill.
10:24 of 3rd period - Shot Misses the Net.
10:52 of 3rd period - Wrist shot by David Legwand.
10:52 of 3rd period - Shot Blocked by Eric Brewer.
10:54 of 3rd period - Slapshot by Dan Hamhuis.
10:54 of 3rd period - Shot Blocked by Aaron Johnson.
11:32 of 3rd period - Eric Brewer is hit by Patrick Sharp and loses puck.
11:40 of 3rd period - Minor Penalty to Patrick Sharp for Holding.
11:41 of 3rd period - Paul Gaustad wins face-off versus Zach Sill in Penguins zone.
12:39 of 3rd period - Snap shot by Michael Ryder.
12:39 of 3rd period - Stopped by Ryan Miller with a rebound.
12:41 of 3rd period - Slapshot by Ian Cole.
12:41 of 3rd period - Deflect By Michael Ryder.
12:41 of 3rd period - Stopped by Ryan Miller with a rebound.
13:40 of 3rd period - Penalty to Patrick Sharp is over, Patrick Sharp is back on ice.
13:42 of 3rd period - Wrist shot by Cory Conacher.
13:42 of 3rd period - Shot Misses the Net.
13:44 of 3rd period - Snap shot by Ian Cole.
13:44 of 3rd period - Shot Hit the Post.
14:49 of 3rd period - Erik Haula is hit by Cody Ceci.
14:53 of 3rd period - Rob Klinkhammer is hit by Chris Butler and loses puck.
15:21 of 3rd period - Mark Giordano is hit by Miikka Salomaki and loses puck.
15:28 of 3rd period - Slapshot by Michael Ryder.
15:28 of 3rd period - Deflect By Christian Ehrhoff.
15:28 of 3rd period - Stopped by Ryan Miller without a rebound.
15:29 of 3rd period - Chris Kelly wins face-off versus Michael Ryder in Penguins zone.
16:03 of 3rd period - Snap shot by Cory Conacher.
16:03 of 3rd period - Shot Blocked by Mark Giordano.
16:05 of 3rd period - Slapshot by Joe Corvo.
16:05 of 3rd period - Stopped by Ryan Miller without a rebound.
16:06 of 3rd period - David Legwand wins face-off versus Cory Conacher in Penguins zone.
17:08 of 3rd period - Snap shot by Jarome Iginla.
17:08 of 3rd period - Shot Misses the Net.
17:28 of 3rd period - Wrist shot by Michael Ryder.
17:28 of 3rd period - Shot Misses the Net.
18:00 of 3rd period - Zach Sill is hit by Marcus Foligno and loses puck.
18:14 of 3rd period - Zach Sill is hit by Marcus Foligno and loses puck.
18:37 of 3rd period - Dmitry Orlov is hit by Jarome Iginla and loses puck.
Goals for this period are 0 for Stars vs 3 for Penguins.
Shots for this period are 10 for Stars vs 9 for Penguins.


Output by the SimonT Hockey Simulator (STHS) for Eric Dolegowski -- Original Page W3C XHTML 1.0 Valid
Hockey Simulator - Hockey Simulation - Hockey Manager